 Dungeon Crawl Stone Soup version 0.31-a0-543-geaa9c7a2c0 (webtiles) character file.

Game seed: 18069312124644897047

475 Ethylacetat the Ducker (level 7, 0/73 HPs)
             Began as an Octopode Gladiator on Aug 15, 2023.
             Slain by a killer bee (4 damage)
             ... on level 4 of the Dungeon.
             The game lasted 00:03:16 (2995 turns).

Ethylacetat the Ducker (Octopode Gladiator)         Turns: 2995, Time: 00:03:16

Health: 0/73       AC: 23    Str: 13    XL:     7   Next: 10%
Magic:  7/7        EV:  2    Int: 10    God:
Gold:   228        SH:  0    Dex: 16    Spells: 6/6 levels left

rFire   . .          .
                       - Unarmed
rCold   . . .        (no shield)
rNeg    . . .        a - melded +0 hat
rPois   +            (no amulet)
rElec   .            f - ring of willpower
rCorr   .            (no ring)
SInv    .            (no ring)
Will    +....        (no ring)
Stlth   +            (no ring)
HPRegen 0.32/turn    (no ring)
MPRegen 0.10/turn    (no ring)
                     (no ring)

%: no passive effects
@: tree-form
A: stationary, stasis, torment immunity, boosted hp, almost no armour,
(amphibious), 8 rings, (camouflage 1), (gelatinous body 1), (nimble swimmer 1),
(tentacles)
a: no special abilities


You were on level 4 of the Dungeon.
You were a tree.
You visited 1 branch of the dungeon, and saw 4 of its levels.

You collected 228 gold pieces.

Inventory:

Missiles
 b - 3 throwing nets (quivered)
 c - a javelin
Armour
 a - a +0 hat (melded)
Jewellery
 f - a ring of willpower (left branch)
Talismans
 t - a beast talisman
Wands
 r - a wand of polymorph (13)
Scrolls
 d - a scroll of amnesia {unknown}
 e - a scroll of butterflies {unknown}
 g - a scroll of identify {unknown}
 i - 2 scrolls of teleportation {unknown}
 l - a scroll of vulnerability {unknown}
 n - 2 scrolls of poison {unknown}
 p - 3 scrolls of enchant armour {unknown}
 q - a scroll of fear {unknown}
 u - a scroll of revelation {unknown}
Potions
 h - a potion of brilliance {unknown}
 j - a potion of lignification
 k - a potion of enlightenment {unknown}
 m - a potion of curing
 s - a potion of heal wounds {unknown}


   Skills:
 + Level 4.4 Fighting
 - Level 2.0 Throwing
 + Level 5.0 Dodging
 + Level 4.9 Unarmed Combat
 * Level 1.0 Shapeshifting


You had 6 spell levels left.
You didn't know any spells.
Your spell library contained the following spells:

 Spells                   Type           Power      Damage    Failure   Level
 Ozocubu's Armour         Ice            0%         N/A       75%         3
 Iskenderun's Battlesphe  Conj           0%         2d6       100%        5
 Metabolic Englaciation   Hex/Ice        0%         N/A       100%        5
 Leda's Unmaking          Conj/Erth      0%         9d1       100%        6
 Simulacrum               Ice/Necr       0%         N/A       100%        6
 Spellforged Servitor     Conj/Summ      0%         N/A       100%        7


Dungeon Overview and Level Annotations

Branches:
Dungeon (4/15)
 Temple: D:4-7

Altars:
Makhleb
Okawaru
Xom


Innate Abilities, Weirdness & Mutations

You are a tree.
Your roots penetrate the ground, keeping you stationary.
You cannot be teleported.
You are immune to unholy pain and torment.
Your maximum health is greatly increased.
You cannot wear most types of armour.
((You are amphibious.))
You can wear up to eight rings at the same time.
((Your skin changes colour to match your surroundings (Stealth+).))
((Your rubbery body absorbs attacks. (AC +1, EV +1)))
((You are camouflaged when in or above water. (Stealth+)))
((You have tentacles for arms and can constrict up to eight enemies at once.))


Message History

The killer bee misses you.
The killer bee attacks as you move away!
The killer bee misses you.
* * * LOW HITPOINT WARNING * * *
You feel very sick.
It was a potion of lignification.
Your transformation has ended.
Your +0 hat unmelds from your body.
You turn into a tree.
Your +0 hat melds into your body.
Your roots penetrate the ground.
You feel sick.
The killer bee stings you but does no damage. x2
The killer bee stings you.
* * * LOW HITPOINT WARNING * * *
The killer bee barely misses you.
It was a potion of curing.
You feel better.
The killer bee stings you but does no damage.
The killer bee stings you!
* * * LOW HITPOINT WARNING * * *
The killer bee stings you.
* * * LOW HITPOINT WARNING * * *
The killer bee stings you but does no damage.
Okay, then.
You miss the killer bee.
The killer bee is moderately wounded.
The killer bee stings you but does no damage. x4
You barely miss the killer bee. Your punch misses the killer bee.
The killer bee is moderately wounded.
The killer bee stings you but does no damage.
The killer bee stings you.
* * * LOW HITPOINT WARNING * * *
You smack the killer bee!
You kill the killer bee!
The killer bee stings you but does no damage.
The killer bee stings you.
* * * LOW HITPOINT WARNING * * *
Your Dodging skill increases to level 5!
Your Shapeshifting skill increases to level 1!
You have reached level 7!
You closely miss the killer bee. The killer bee stings you.
You die...

+.....#....................
#.....#....................
......#...............)...#
#.............##....#
#.............####'##
#...##...............
######...............
#...yyy..............
#...♣#........##....#
#....#........ #....#
#..))#†....... #....#
#...##........ #..... #...
#........ #..... #...
#....>... #..<.# #...
#........ #....# #...
#........ ...... #...
#........


You could see 3 killer bees.

Vanquished Creatures
  A black bear (D:4)
  A killer bee (D:4)
  A crimson imp (D:3)
  A jelly (D:4)
  Ijyb (D:3)
  Natasha (thrice) (D:2)
  6 gnolls (D:2)
  6 adders
  3 dart slugs
  4 orcs (D:4)
  A ball python (D:3)
  6 endoplasms
  8 giant cockroaches
  7 goblins
  A hobgoblin (D:2)
  10 kobolds
  A quokka (D:1)
  6 bats
  3 frilled lizards
  3 rats
73 creatures vanquished.

Notes
Turn   | Place    | Note
-------+----------+-------------------------------------------
     0 | D:1      | Ethylacetat the Octopode Gladiator began the quest for the
                  | Orb.
     0 | D:1      | Reached XP level 1. HP: 14/14 MP: 1/1
   110 | D:1      | Reached XP level 2. HP: 19/19 MP: 2/2
   475 | D:1      | Reached XP level 3. HP: 25/25 MP: 3/3
   899 | D:2      | Noticed Natasha
   907 | D:2      | Killed Natasha
   908 | D:2      | Reached XP level 4. HP: 19/31 MP: 4/4
   969 | D:2      | Noticed Natasha
   981 | D:2      | Killed Natasha
  1186 | D:2      | Noticed Natasha
  1191 | D:2      | Killed Natasha
  1192 | D:2      | Reached skill level 4 in Dodging
  1192 | D:2      | Reached XP level 5. HP: 18/36 MP: 5/5
  1803 | D:3      | Found a shimmering altar of Xom.
  1803 | D:3      | Found a burning altar of Makhleb.
  1976 | D:3      | Reached XP level 6. HP: 39/43 MP: 6/6
  2347 | D:3      | Noticed Ijyb
  2356 | D:3      | Killed Ijyb
  2500 | D:4      | Noticed a black bear
  2508 | D:4      | Killed a black bear
  2608 | D:4      | Found an iron altar of Okawaru.
  2994 | D:4      | HP: 3/66 [killer bee (2)]
  2995 | D:4      | Reached skill level 5 in Dodging
  2995 | D:4      | Reached skill level 1 in Shapeshifting
  2995 | D:4      | Reached XP level 7. HP: 4/49 MP: 7/7
  2995 | D:4      | Slain by a killer bee

Illustrated notes

Levels and vault maps discovered:
D:1:      reono_arrival_mine, layout_loops_ring
D:2:      layout_basic, uniq_natasha
D:3:      layout_basic, grunt_temple_overflow_champion_of_chaos, uniq_ijyb
D:4:      layout_gridville, okawaru_trees_2, cheibrodos_sewer_entry_bend,
          minmay_quadrilaterals

Skill      XL: |  1  2  3  4  5  6 |
---------------+-------------------+-----
Fighting       | 3 4 |  4.4
Dodging        | 4 5 |  5.0
Unarmed Combat | 4 |  4.9
Shapeshifting  | 1 |  1.0
Throwing       | |  2.0

Action                     |  1- 3 |  4- 6 |  7- 9 || total
---------------------------+-------+-------+-------++-------
  Melee: Unarmed           |    60 |    83 |     1 ||   144
         Constrict         |    11 |    27 |       ||    38
         Tentacles         |     6 |    19 |       ||    25
         Punch             |       |     3 |       ||     3
         Whip              |       |    34 |       ||    34
  Throw: Javelin           |       |     1 |       ||     1
    Use: Potion            |       |     2 |       ||     2
   Stab: Sleeping          |     2 |     9 |       ||    11
         Distracted        |       |     1 |       ||     1
 Armour: Skin              |     8 |    11 |       ||    19
  Dodge: Dodged            |    27 |    77 |       ||   104
   Form: Beast             |       |     1 |       ||     1

Table legend: (Time is in decaauts)
 A = Elapsed time spent in this place.
 B = Non-inter-level travel time spent in this place.
 C = Inter-level travel time spent in this place.
 D = Time resting spent in this place.
 E = Time spent auto-exploring this place.
 F = Levels seen in this place.
 G = Mean time per level.
                   A        B        C        D        E       F      G
               +--------+--------+--------+--------+--------+-----+--------+
         Total |   2986 |   2845 |    141 |      0 |   2367 |   4 |  746.5 |
       Dungeon |   2986 |   2845 |    141 |      0 |   2367 |   4 |  746.5 |
               +--------+--------+--------+--------+--------+-----+--------+

Top non-repeatable levels by time:
     D:2: 984 daAuts
     D:1: 732 daAuts
     D:3: 715 daAuts
     D:4: 553 daAuts
